 Dungeon Crawl Stone Soup version 0.24-a0-271-ga0fc33f (webtiles) character file.

Game seed: 3619461537659473966

108490 Firecrotchwizard the Blocker (level 16, -2/167 HPs)
             Began as a Troll Monk on Apr 24, 2019.
             Was the Champion of Okawaru.
             Blown up by an orb spider (31 damage)
             ... with an orb of destruction
             ... on level 3 of the Spider Nest on Apr 25, 2019.
             The game lasted 01:11:22 (24374 turns).

Firecrotchwizard the Blocker (Troll Monk)          Turns: 24374, Time: 01:11:23

Health: -2/167     AC: 12    Str: 34    XL:     16   Next: 2%
Magic:  21/21      EV:  6    Int:  8    God:    Okawaru [******]
Gold:   2367       SH:  0    Dex: 16    Spells: 15/15 levels left

rFire    . . .     SeeInvis .     - Unarmed
rCold    + . .     Gourm    +   P - +3 large shield {reflect}
rNeg     + . .     Faith    +   N - +2 robe {MR+}
rPois    +         Spirit   .   J - +1 hat
rElec    .         Reflect  +   s - +2 cloak {rPois}
rCorr    .         Harm     .   (gloves unavailable)
MR       ++...     NoTele   +   (boots unavailable)
Stlth    +.........             Y - amulet of Dohat {Faith +Inv Dex+4}
HPRegen  0.77/turn              y - +5 ring of slaying
MPRegen  0.17/turn              Z - ring "Xytsain" {-Tele rC+ rN+ Str+6 Int+2}

@: confused, lethally poisoned (-2 -> -20), held, studying Stealth
A: large, unfitting armour, claws 3, fast metabolism 3, gourmand, regeneration
1, shaggy fur 1, tough skin 3
a: Heroism, Finesse, Renounce Religion, Evoke Invisibility


You were on level 3 of the Spider Nest.
You worshipped Okawaru.
Okawaru was exalted by your worship.
You were completely stuffed.

You visited 5 branches of the dungeon, and saw 26 of its levels.
You also visited: Ossuary, Gauntlet and Volcano.

You collected 2475 gold pieces.
You spent 108 gold pieces at shops.

Inventory:

Hand Weapons
 g - a +2 hand crossbow of velocity
   (Okawaru gifted it to you on level 2 of the Spider Nest)
Missiles
 k - 4 throwing nets {=f, !d}
 W - 14 large rocks {!d}
Armour
 s - a +2 cloak of poison resistance (worn)
   (You took it off Maurice on level 8 of the Dungeon)
 J - a +1 hat (worn)
   (You took it off Gastronok on level 8 of the Dungeon)
 N - a +2 robe of magic resistance (worn)
   (Okawaru gifted it to you on level 14 of the Dungeon)
 P - a +3 large shield of reflection (worn)
   (Okawaru gifted it to you on level 10 of the Dungeon)
Jewellery
 f - an uncursed ring of resist corrosion
   (You found it on level 1 of the Dungeon)
 u - an uncursed ring of positive energy {rN+}
   (You found it on level 3 of the Dungeon)
 y - a +5 ring of slaying (left claw)
   (You found it on level 14 of the Dungeon)
 D - an uncursed ring of fire {rF+, rC-}
   (You found it on level 10 of the Dungeon)
 E - an uncursed amulet of the acrobat
   (You found it on level 2 of the Spider Nest)
 F - an uncursed ring of protection from fire {rF+, !d}
   (You found it on level 7 of the Dungeon)
 K - an uncursed ring of poison resistance {rPois, !d}
   (You found it in a Gauntlet)
 Y - the amulet of Dohat (around neck) {Faith +Inv Dex+4}
   (You took it off an efreet in a Gauntlet)

   [amulet of faith]

   It allows you to gain divine favour quickly.
   It affects your dexterity (+4).
   It lets you turn invisible.
 Z - the ring "Xytsain" (right claw) {-Tele rC+ rN+ Str+6 Int+2}
   (You found it in a Gauntlet)

   [ring of positive energy]

   It affects your strength (+6).
   It affects your intelligence (+2).
   It protects you from cold.
   It protects you from negative energy.
   It prevents most forms of teleportation.
Wands
 C - a wand of flame (25)
   (You found it on level 1 of the Spider Nest)
 R - a wand of acid (28)
   (You took it off a centaur on level 11 of the Dungeon)
 T - a wand of iceblast (11)
   (You found it on level 2 of the Lair of Beasts)
 V - a wand of digging (7)
   (You took it off an orc on level 13 of the Dungeon)
Scrolls
 a - 7 scrolls of identify
 c - 4 scrolls of magic mapping {!r}
 h - 14 scrolls of remove curse
 j - 4 scrolls of fear
 l - 12 scrolls of teleportation
 n - 5 scrolls of enchant weapon
 o - a scroll of enchant armour
 v - 3 scrolls of blinking {!r}
 I - 3 scrolls of amnesia
 S - a scroll of fog
 U - a scroll of silence
Potions
 d - 2 potions of degeneration {!q}
 e - 3 potions of lignification {!q}
 m - 4 potions of curing
 q - 4 potions of might
 r - 4 potions of brilliance
 t - 3 potions of heal wounds
 w - a potion of flight
 x - 3 potions of agility
 z - a potion of magic
 A - a potion of resistance
 B - 2 potions of ambrosia
 M - 3 potions of invisibility
 O - 4 potions of haste
 X - a potion of mutation {unknown}
Books
 p - a manual of Stealth {!d}
   (You found it on level 8 of the Dungeon)
Miscellaneous
 i - a box of beasts
Comestibles
 b - 36 rations
 G - 4 chunks of flesh {@w0}


   Skills:
 + Level 12.7 Fighting
 + Level 4.6 Throwing
 - Level 2.4 Dodging
 - Level 1.0 Stealth
 * Level 14.8 Shields
 - Level 14.1 Unarmed Combat
 - Level 8.0 Invocations


You had 15 spell levels left.
You didn't know any spells.
Your spell library contained the following spells:

 Spells                   Type           Power        Failure   Level  Hunger
 Animate Skeleton         Necr           N/A          41%         1    ##.....
 Beastly Appendage        Tmut           #.....       41%         1    ##.....
 Magic Dart               Conj           #...         41%         1    ##.....
 Pain                     Necr           #...         41%         1    ##.....
 Sandblast                Erth           #.....       41%         1    ##.....
 Summon Small Mammal      Summ           #...         41%         1    ##.....
 Blink                    Tloc           N/A          54%         2    ###....
 Call Imp                 Summ           #.......     54%         2    ###....
 Passwall                 Tmut/Erth      #.......     54%         2    ###....
 Slow                     Hex            #.......     54%         2    ###....
 Sticks to Snakes         Tmut           #.......     54%         2    ###....
 Call Canine Familiar     Summ           #.......     78%         3    ####...
 Conjure Flame            Conj/Fire      #.......     78%         3    ####...
 Mephitic Cloud           Conj/Pois/Air  #.......     78%         3    ####...
 Regeneration             Chrm/Necr      #.........   78%         3    ####...
 Stone Arrow              Conj/Erth      #.....       78%         3    ####...
 Summon Guardian Golem    Hex/Summ       #.......     78%         3    ####...
 Vampiric Draining        Necr           #.........   78%         3    ####...
 Animate Dead             Necr           N/A          99%         4    #####..
 Leda's Liquefaction      Hex/Erth       #.........   99%         4    #####..
 Petrify                  Tmut/Erth      #.......     99%         4    #####..
 Summon Ice Beast         Ice/Summ       #.......     99%         4    #####..
 Summon Lightning Spire   Summ/Air       #.......     99%         4    #####..
 Bolt of Magma            Conj/Fire/Erth #.........   100%        5    ######.
 Lee's Rapid Deconstruct  Erth           #.........   100%        5    ######.
 Hydra Form               Tmut           #.........   100%        6    #######


Dungeon Overview and Level Annotations

Branches:
Dungeon (14/15)            Temple (1/1) D:7            Lair (6/6) D:8
  Swamp (0/4) Lair:2       Spider (2/4) Lair:2        Slime (0/5) Lair:5
    Orc (2/2) D:10            Elf (0/3) Orc:2        Vaults (0/5) D:14

Altars:
Ashenzari
Cheibriados
Dithmenos
Elyvilon
Fedhas
Gozag
Hepliaklqana
Makhleb
Okawaru
Ru
Sif Muna
Trog
Uskayaw
Vehumet
Wu Jian
Xom
Yredelemnul
Zin
The Shining One
Jiyva

Shops:
D:7 !   D:11 ?   D:13 (   Orc:2 [[%*

Annotations:
D:9 4 runed translucent doors
D:14 exclusion: Roxanne, Roxanne
Lair:5 1 runed translucent door, exclusion: 2 jellies
Lair:6 exclusion: 2 hydras
Spider:1 3 runed translucent doors, zibudo's ghost, adept GrEE


Innate Abilities, Weirdness & Mutations

You are too large for most types of armour.
You have claws for hands.
Your metabolism is lightning-fast.
You like to eat raw meat.
Your natural rate of healing is unusually fast.
You are covered in fur. (AC +1)
You have extremely tough skin. (AC +3)


Message History

You regained 2 hp, and now have 54/167 hp.
You butcher the tarantella corpse.
G - 4 chunks of flesh {@w0} (gained 2)
There isn't anything here!
You start resting.
Eating one of 4 chunks of flesh {@w0}.
You eat one of the 4 chunks of flesh {@w0}.
This raw flesh tastes great.
You feel like a meek peon again.
You regained 13 hp, and now have 69/167 hp.
You start resting.
Eating one of 3 chunks of flesh {@w0}.
You eat one of the 3 chunks of flesh {@w0}.
This raw flesh tastes great.
A tarantella comes into view.
You regained 72 hp, and now have 141/167 hp.
The tarantella hisses angrily.
You block the tarantella's attack. x2
You closely miss the tarantella. You block the tarantella's attack.
You closely miss the tarantella. You block the tarantella's attack.
You eviscerate the tarantella!!!
You kill the tarantella!
Okawaru accepts your kill.
You see here a tarantella corpse.
You butcher the tarantella corpse.
G - 4 chunks of flesh {@w0} (gained 2)
You regained 2 hp, and now have 147/167 hp.
A tarantella comes into view.
The tarantella hisses angrily.
A demonic crawler comes into view.
A redback comes into view.
You block the tarantella's attack.
You completely miss the tarantella. The tarantella bites you!
You are confused.
You take 9 damage, and have 146/167 hp.
You pick your way through the web.
The tarantella bites you.
You are more confused.
There is a web here.
You enter a dispersal trap!
The tarantella blinks!
The redback blinks!
The tarantella barely misses you.
There is a dispersal trap here.
Unknown command.
Unknown command.
The redback bites you but does no damage.
The tarantella enters a dispersal trap!
The redback blinks! x2
The tarantella blinks!
You see here a ration.
You're too confused to move!
A jumping spider comes into view.
The jumping spider hisses angrily.
The jumping spider leaps!
Unknown command.
An orb spider comes into view.
The orb spider hisses angrily.
The orb spider spins a strand of pure energy.
A redback comes into view.
The jumping spider barely misses you. The jumping spider bites you.
The jumping spider pounces on you!
The jumping spider bites you but does no damage.
The jumping spider pounces on you! The jumping spider bites you!
The redback misses you.
You take 39 damage, and have 110/167 hp.
MASSIVE DAMAGE!!
You claw the jumping spider! The jumping spider barely misses you.
The jumping spider bites you but does no damage.
The redback bites you! The tarantella bites you!
You are more confused.
The orb spider weaves a glowing orb of energy.
An orb of destruction comes into view.
You take 16 damage, and have 94/167 hp.
You're too confused to move!
The jumping spider misses you. The jumping spider bites you.
The redback bites you!
The tarantella bites you but does no damage.
You take 15 damage, and have 79/167 hp.
You bump into the rock wall.
The jumping spider pounces on you but does no damage.
The jumping spider bites you but does no damage.
The redback bites you!
You are poisoned.
The redback poisons you! The tarantella barely misses you.
A redback comes into view.
The orb spider begins to weave its threads into a brightly glowing ball.
The jumping spider pounces on you but does no damage.
The jumping spider bites you. The tarantella closely misses you.
The redback barely misses you.
You take 11 damage, and have 68/167 hp.
You claw the tarantella!
You feel very sick. The jumping spider pounces on you!
* * * LOW HITPOINT WARNING * * *
You are caught in a web!
The jumping spider bites you.
* * * LOW HITPOINT WARNING * * *
The redback bites you.
* * * LOW HITPOINT WARNING * * *
The tarantella bites you!
* * * LOW HITPOINT WARNING * * *
You are more confused.
The orb of destruction hits you!!
You die...

^.......#.....^#
...#$..#.......#
............(#.#
........#^....#
.^##...........#
#...^.#^......#
#..^........)..#
##s%.....##.....
#@s......# ^....
#○s...#..# ...
#^.....○!....###
#.....#○..####
.......○.##
....#..○..
........... ...
...s.s. #.
......s.


You could see an orb spider, a jumping spider, a tarantella and 2 redbacks.

Vanquished Creatures
  Rupert (D:13)
  Gastronok (D:8)
  An entropy weaver (Spider:1)
  A minotaur (Gauntlet)
  A fire dragon (Lair:6)
  Fannar (D:10)
  A catoblepas (Gauntlet)
  7 hydras
  2 centaur warriors (D:13)
  A death knight (D:12)
  A queen ant (Lair:3)
  A dancing weapon (Volcano)
  6 two-headed ogres
  An ogre mage (D:14)
  A tengu warrior (D:13)
  Erica (D:8)
  5 death yaks (Lair:6)
  3 orc high priests (Orc:2)
  Urug (D:10)
  Nergalle (D:12)
  A soul eater (Gauntlet)
  A skeletal warrior (D:14)
  2 unseen horrors
  A lindwurm (Lair:6)
  3 wizards (Volcano)
  Pikel (D:8)
  An orc knight (Orc:1)
  8 wolf spiders
  3 orc sorcerers (Orc:2)
  3 manticores
  4 orb spiders
  An ugly thing (D:13)
  2 cyclopes (D:11)
  4 slime creatures (D:12)
  4 toenail golems (Volcano)
  An oklob plant (Lair:4)
  Maurice (D:8)
  3 torpor snails
  8 black mambas
  5 gargoyles
  5 molten gargoyles
  2 yaktaurs (D:14)
  11 spiny frogs
  2 efreet
  4 rime drakes
  9 komodo dragons
  A minotaur zombie (Gauntlet)
  2 demonic crawlers
  2 kobold demonologists
  A tengu conjurer (D:13)
  A queen bee (Lair:3)
  6 jumping spiders
  3 hornets
  8 trolls
  A polar bear (Lair:6)
  8 blink frogs
  A bog body (Lair:2)
  16 hippogriffs
  14 tarantellas
  35 yaks
  31 redbacks
  3 wraiths
  12 basilisks
  11 wyverns
  Eustachio (D:3)
  Grum (D:10)
  A steam dragon (Lair:6)
  10 vampire mosquitoes
  3 fire elementals (Gauntlet)
  5 hungry ghosts
  A warg (Orc:2)
  3 swamp worms (Lair:2)
  2 two-headed ogre zombies (D:10)
  8 hell hounds
  7 water moccasins
  5 porcupines
  18 soldier ants
  22 orc warriors
  3 sky beasts
  2 slaves (D:8)
  An ice beast (D:7)
  2 black bears (D:12)
  A hornet zombie (D:6)
  A necrophage (D:8)
  4 boggarts (D:14)
  2 phantoms
  19 ogres
  10 wolves
  11 crocodiles
  22 centaurs
  9 big kobolds
  An elf zombie (Ossuary)
  9 bullfrogs
  2 wyvern skeletons
  A troll zombie (D:10)
  2 scorpions
  34 killer bees
  4 wights (D:12)
  3 electric eels
  3 howler monkeys
  5 lava snakes (Lair:6)
  3 bullfrog zombies
  4 centaur zombies
  2 crimson imps
  4 hounds
  A quasit (D:12)
  A human zombie (Ossuary)
  32 orc priests
  24 orc wizards
  2 jellies
  A gnoll shaman (D:10)
  Jessica (D:3)
  5 centaur skeletons
  2 iguanas
  Natasha (thrice) (D:3)
  44 worker ants
  5 ogre zombies (D:10)
  2 hound skeletons
  2 mummies (Ossuary)
  A howler monkey zombie (D:6)
  A howler monkey skeleton (D:8)
  6 adders
  9 gnolls
  5 shadow imps
  An ooze (D:2)
  An adder skeleton (D:4)
  3 worms
  A dart slug (D:1)
  9 leopard geckos
  65 orcs
  14 giant cockroaches
  16 goblins
  12 hobgoblins
  13 jackals
  6 quokkas
  A ball python (D:4)
  4 bats
  4 frilled lizards
  A goblin skeleton (D:10)
  2 goblin zombies
  3 hobgoblin skeletons (D:10)
  11 hobgoblin zombies
  2 jackal zombies (Ossuary)
  27 kobolds
  11 kobold zombies (Ossuary)
  An orc skeleton (D:10)
  24 orc zombies
  A quokka skeleton (D:8)
  11 rats
  2 rat zombies (Ossuary)
  A fungus (Lair:1)
929 creatures vanquished.

Vanquished Creatures (others)
  2 cyclopes
  A yaktaur (D:14)
  A blink frog (Lair:1)
  2 slaves (D:8)
  A centaur (D:13)
  A crocodile (Lair:1)
  A bullfrog (D:8)
  An orc wizard (D:13)
  A killer bee zombie (D:8)
  2 demonic plants (Gauntlet)
  4 fungi
  4 plants (Lair:6)
21 creatures vanquished.

Grand Total: 950 creatures vanquished

Notes
Turn   | Place    | Note
-------+----------+-------------------------------------------
     0 | D:1      | Firecrotchwizard the Troll Monk began the quest for the
                  | Orb.
     0 | D:1      | Reached XP level 1. HP: 22/22 MP: 0/0
   179 | D:1      | Reached XP level 2. HP: 27/29 MP: 1/1
   468 | D:1      | Reached XP level 3. HP: 33/36 MP: 2/2
   908 | D:1      | Reached skill level 4 in Unarmed Combat
  1252 | D:2      | Reached skill level 3 in Fighting
  1402 | D:2      | Found a radiant altar of Vehumet.
  1402 | D:2      | Found a glowing silver altar of Zin.
  1510 | D:3      | Noticed Jessica
  1521 | D:3      | Killed Jessica
  1521 | D:3      | Reached XP level 4. HP: 44/45 MP: 3/3
  1695 | D:2      | Found a shattered altar of Ashenzari.
  1789 | D:2      | Reached skill level 5 in Unarmed Combat
  1789 | D:2      | Reached XP level 5. HP: 18/53 MP: 4/4
  2158 | D:2      | Found a bloodstained altar of Trog.
  2281 | D:3      | Noticed Natasha
  2289 | D:3      | Killed Natasha
  2365 | D:3      | Noticed Natasha
  2378 | D:3      | Killed Natasha
  2593 | D:3      | Noticed Natasha
  2608 | D:3      | Killed Natasha
  2608 | D:3      | Reached XP level 6. HP: 37/62 MP: 5/5
  2706 | D:3      | Found a blossoming altar of Fedhas.
  2857 | D:4      | Reached skill level 6 in Unarmed Combat
  2873 | D:4      | Noticed Eustachio
  2876 | D:4      | Reached skill level 1 in Shields
  2907 | D:4      | HP: 15/62 [orc wizard/magic dart (9)]
  2912 | D:3      | HP: 14/62 [orc/+0 dagger (2)]
  2916 | D:3      | HP: 6/62 [poisoned by a worker ant]
  2921 | D:3      | Reached skill level 4 in Fighting
  2924 | D:3      | HP: 8/62 [poisoned by a worker ant]
  3205 | D:3      | Killed Eustachio
  3205 | D:3      | Reached XP level 7. HP: 70/70 MP: 6/6
  3413 | D:4      | Found a basalt altar of Yredelemnul.
  3608 | D:5      | Entered Level 5 of the Dungeon
  3613 | D:5      | Reached skill level 2 in Shields
  3639 | D:5      | Reached skill level 7 in Unarmed Combat
  4549 | D:6      | Found a sand-covered staircase.
  4571 | Ossuary  | Entered an ossuary
  4713 | Ossuary  | Reached XP level 8. HP: 79/79 MP: 7/7
  4853 | Ossuary  | Reached skill level 8 in Unarmed Combat
  4900 | D:6      | Reached skill level 5 in Fighting
  4900 | D:6      | Reached skill level 3 in Shields
  4992 | D:6      | Found a burning altar of Makhleb.
  5202 | D:6      | Noticed a troll
  5224 | D:6      | HP: 18/80 [troll (14)]
  5230 | D:6      | Killed a troll
  5234 | D:6      | HP: 14/80 [hungry ghost (1)]
  5465 | D:6      | Reached skill level 9 in Unarmed Combat
  5622 | D:6      | Reached XP level 9. HP: 86/88 MP: 8/8
  5683 | D:7      | Reached skill level 4 in Shields
  5911 | D:7      | Found Lecwouz's Distillery.
  5915 | D:7      | Bought a potion of might for 48 gold pieces
  5915 | D:7      | Bought a potion of heal wounds for 60 gold pieces
  6003 | D:7      | Identified a scroll of acquirement
  6048 | D:7      | Found a staircase to the Ecumenical Temple.
  6060 | Temple   | Entered the Ecumenical Temple
  6107 | Temple   | Became a worshipper of Warmaster Okawaru
  6107 | Temple   | Reached * piety under Okawaru
  6107 | Temple   | Reached ** piety under Okawaru
  6290 | D:7      | Found a shimmering altar of Xom.
  6299 | D:7      | Reached skill level 6 in Fighting
  6419 | D:7      | Reached skill level 10 in Unarmed Combat
  6576 | D:8      | Noticed Maurice
  6600 | D:8      | Killed Maurice
  6600 | D:8      | Reached skill level 5 in Shields
  6654 | D:8      | Noticed Pikel
  6675 | D:8      | Killed Pikel
  6675 | D:8      | Reached *** piety under Okawaru
  6675 | D:8      | Reached XP level 10. HP: 81/100 MP: 9/9
  6779 | D:8      | Reached skill level 11 in Unarmed Combat
  6827 | D:8      | Found a staircase to the Lair.
  6974 | D:8      | Noticed Erica
  6976 | D:8      | Paralysed by Erica for 2 turns
  6988 | D:8      | Killed Erica
  6988 | D:8      | Reached skill level 2 in Invocations
  7133 | D:8      | Noticed Gastronok
  7136 | D:8      | Reached skill level 7 in Fighting
  7148 | D:8      | Killed Gastronok
  7148 | D:8      | Reached **** piety under Okawaru
  7148 | D:8      | Received a gift from Okawaru
  7148 | D:8      | Reached ***** piety under Okawaru
  7148 | D:8      | Reached skill level 6 in Shields
  7148 | D:8      | Reached skill level 4 in Invocations
  7265 | D:9      | Received a gift from Okawaru
  7342 | D:9      | Reached skill level 5 in Invocations
  7741 | D:9      | Reached XP level 11. HP: 104/110 MP: 14/14
  7815 | D:9      | Found a huge runed translucent gate.
  7818 | D:9      | Found a huge runed translucent gate.
  7819 | D:9      | Found a huge runed translucent gate.
  7820 | D:9      | Found a huge runed translucent gate.
  8246 | D:10     | Entered Level 10 of the Dungeon
  8286 | D:10     | Noticed Urug
  8290 | D:10     | Noticed Fannar
  8314 | D:10     | Killed Fannar
  8357 | D:10     | Reached skill level 6 in Invocations
  8510 | D:10     | Noticed Grum
  8564 | D:10     | Found a staircase to the Orcish Mines.
  8590 | D:10     | HP: 20/111 [Urug/+1 eveningstar (10)]
  8592 | D:10     | Killed Urug
  8592 | D:10     | Reached skill level 8 in Fighting
  8602 | D:10     | Reached skill level 7 in Shields
  8608 | D:10     | HP: 26/111 [troll zombie (2)]
  8929 | D:10     | Killed Grum
  9053 | D:10     | Received a gift from Okawaru
  9282 | Lair:1   | Entered Level 1 of the Lair of Beasts
  9334 | Lair:1   | Reached skill level 7 in Invocations
  9425 | Lair:1   | Found a dark tunnel.
  9434 | Volcano  | Entered a volcano
  9440 | Volcano  | Noticed a wizard
  9446 | Volcano  | Killed a wizard
  9459 | Volcano  | Noticed a wizard
  9467 | Volcano  | Killed a wizard
  9478 | Volcano  | Reached skill level 8 in Invocations
  9489 | Volcano  | Noticed a wizard
  9495 | Volcano  | Killed a wizard
  9589 | Volcano  | Reached skill level 9 in Fighting
  9589 | Volcano  | Reached skill level 8 in Shields
  9590 | Volcano  | Noticed a +0 mace of flaming
  9597 | Volcano  | Killed a +0 mace of flaming
  9597 | Volcano  | Reached XP level 12. HP: 121/123 MP: 17/17
 10864 | Lair:2   | Found a staircase to the Swamp.
 10988 | Lair:2   | Reached ****** piety under Okawaru
 11119 | Lair:2   | Received a gift from Okawaru
 11153 | Lair:2   | Found a hole to the Spider Nest.
 11512 | Lair:3   | Noticed a queen ant
 11528 | Lair:3   | Killed a queen ant
 11528 | Lair:3   | Reached skill level 9 in Shields
 11893 | Lair:3   | Received a gift from Okawaru
 12178 | Lair:3   | Reached skill level 10 in Fighting
 12212 | Lair:3   | Reached skill level 10 in Shields
 13030 | Lair:4   | Reached XP level 13. HP: 116/133 MP: 18/18
 13140 | Lair:4   | Reached skill level 12 in Unarmed Combat
 13216 | Lair:4   | HP: 32/133 [basilisk (4)]
 13221 | Lair:4   | HP: 30/133 [basilisk (2)]
 13228 | Lair:4   | HP: 20/133 [basilisk (5)]
 13240 | Lair:4   | HP: 32/133 [basilisk (5)]
 13245 | Lair:4   | HP: 24/133 [basilisk (5)]
 13248 | Lair:4   | HP: 9/133 [basilisk (17)]
 14122 | Lair:5   | Received a gift from Okawaru
 14577 | Lair:5   | Found a runed translucent door.
 14578 | Lair:5   | Found a viscous altar of Jiyva.
 14579 | Lair:5   | Found a staircase to the Slime Pits.
 14934 | Lair:6   | Entered Level 6 of the Lair of Beasts
 14997 | Lair:6   | Reached skill level 11 in Shields
 15862 | Lair:6   | HP: 31/136 [molten gargoyle/bolt of magma (14)]
 16024 | Lair:6   | Received a gift from Okawaru
 16061 | Lair:6   | Got a translucent arbalest {god gift}
 16103 | Lair:6   | Reached skill level 11 in Fighting
 16157 | Lair:6   | Found a large runed translucent door.
 16158 | Lair:6   | Found a large runed translucent door.
 16168 | Lair:6   | Noticed a fire dragon
 16185 | Lair:6   | Killed a fire dragon
 16363 | Lair:6   | Reached skill level 13 in Unarmed Combat
 16363 | Lair:6   | Reached XP level 14. HP: 103/146 MP: 16/19
 16376 | Lair:6   | Reached skill level 12 in Shields
 17048 | D:11     | Found Naamury's Magic Scroll Boutique.
 17148 | D:11     | Received a gift from Okawaru
 17149 | D:11     | Got a fine robe {god gift}
 17163 | D:11     | Identified the +1 robe "Qudaycipp" {MR+ Int+2} (Okawaru
                  | gifted it to you on level 11 of the Dungeon)
 17676 | D:12     | Noticed Nergalle
 17682 | D:12     | Killed Nergalle
 18544 | D:13     | Noticed Rupert
 18549 | D:13     | Reached skill level 13 in Shields
 18560 | D:13     | Killed Rupert
 18776 | D:13     | Received a gift from Okawaru
 18790 | D:13     | Got an iridescent double sword {god gift}
 18791 | D:13     | Identified the +1 double sword of Youthful Indiscretion
                  | {slice, Int+5 SInv} (Okawaru gifted it to you on level 13
                  | of the Dungeon)
 18885 | D:13     | Found Qere's Weapon Emporium.
 19141 | D:14     | Noticed Roxanne
 19202 | D:14     | Found a frozen archway.
 19206 | D:14     | Found a gate leading to a gauntlet.
 19211 | Gauntlet | Entered a Gauntlet
 19211 | Gauntlet | Found a transporter.
 19211 | Gauntlet | Found a transporter.
 19216 | Gauntlet | Found a transporter.
 19231 | Gauntlet | Found a transporter.
 19251 | Gauntlet | Found a transporter.
 19259 | Gauntlet | Found a transporter.
 19352 | Gauntlet | Found a transporter.
 19357 | Gauntlet | Found a transporter.
 19374 | Gauntlet | Found a transporter.
 19387 | Gauntlet | Found a transporter.
 19471 | Gauntlet | Found a transporter.
 19475 | Gauntlet | Found a transporter.
 19490 | Gauntlet | Found a transporter.
 19496 | Gauntlet | Identified the amulet of Dohat {Faith +Inv Dex+4}
 19498 | Gauntlet | Found a transporter.
 19498 | Gauntlet | Found a transporter.
 19501 | Gauntlet | Found a transporter.
 19648 | Gauntlet | Reached XP level 15. HP: 142/156 MP: 18/20
 19660 | Gauntlet | Got a bound bone ring
 19664 | Gauntlet | Identified Sif Muna's Handbook of the Mountains and
                  | Transformation
 19669 | Gauntlet | Identified the ring "Xytsain" {-Tele rC+ rN+ Str+6 Int+2}
                  | (You found it in a Gauntlet)
 19712 | Gauntlet | Reached skill level 14 in Unarmed Combat
 19757 | Gauntlet | Reached skill level 12 in Fighting
 19772 | Gauntlet | Identified the Disquisition on Calling
 19935 | D:14     | Received a gift from Okawaru
 20051 | D:14     | Identified the cursed +1 robe of Soisur {Int+6}
 20081 | D:14     | Reached skill level 1 in Throwing
 20135 | D:14     | Found a gate to the Vaults.
 20329 | D:14     | HP: 36/157 [seven-headed hydra (13)]
 20332 | D:14     | HP: 9/157 [ten-headed hydra (12)]
 20333 | D:14     | Reached skill level 14 in Shields
 20753 | Orc:1    | Entered Level 1 of the Orcish Mines
 20990 | Orc:1    | Reached skill level 2 in Throwing
 21368 | Orc:1    | You fall through a shaft!
 21368 | Orc:2    | Entered Level 2 of the Orcish Mines
 21691 | Orc:2    | Received a gift from Okawaru
 21791 | Orc:2    | Found a staircase to the Elven Halls.
 21854 | Orc:2    | Reached skill level 3 in Throwing
 22070 | Orc:2    | Found Xaakucza's Assorted Antiques.
 22070 | Orc:2    | Found Elicew's Armour Boutique.
 22071 | Orc:2    | Found Yllis's Armour Boutique.
 22074 | Orc:2    | Found Icutocw's Food Shop.
 22994 | Spider:1 | Entered Level 1 of the Spider Nest
 23146 | Spider:1 | Received a gift from Okawaru
 23170 | Spider:1 | HP: 38/158 [poisoned by a redback]
 23175 | Spider:1 | HP: 27/158 [poisoned by a redback]
 23426 | Spider:1 | Reached skill level 4 in Throwing
 23603 | Spider:1 | Found a runed translucent gate.
 23603 | Spider:1 | Found a runed translucent gate.
 23604 | Spider:1 | Found a runed translucent gate.
 23605 | Spider:1 | Noticed zibudo's ghost (adept GrEE)
 24075 | Spider:2 | Received a gift from Okawaru
 24189 | Spider:2 | You fall through a shaft!
 24200 | Spider:3 | Reached XP level 16. HP: 92/167 MP: 21/21
 24374 | Spider:3 | HP: 41/167 [redback (5)]
 24374 | Spider:3 | Blown up by an orb spider

Levels and vault maps discovered:
D:1:      dpeg_cavernosity, layout_basic
D:2:      kennysheep_big_flooded_room, layout_basic, bloody_trog,
          gammafunk_temple_overflow_elements, ashenzari_altar_1
D:3:      corexii_shack_village, layout_rooms, fedhas_altar_3, first_ration,
          uniq_jessica, uniq_natasha
D:4:      layout_cave_pools, kennysheep_mini, uniq_eustachio
D:5:      layout_gridville, grunt_ministairs_5
D:6:      minmay_cornered_nines, layout_rooms, lemuel_coloured_pillars_altar,
          chequers_ossuary_entry_cave
D:7:      layout_loops_cross, marbit_many_paths,
          minmay_temple_entry_stoned_glass, serial_shops, shop
D:8:      layout_rooms, lair_entry_dummy, minmay_manual_macuahuitl,
          uniq_maurice, uniq_pikel, uniq_gastronok, uniq_erica
D:9:      lemuel_bear_cage, layout_stronghold
D:10:     layout_rooms, zombieorc2_lemuel, uniq_fannar, uniq_urug, uniq_grum
D:11:     layout_loops_ring, serial_shops, nicolae_shop_crystal
D:12:     layout_roguey, hangedman_pestilent_swarm, uniq_nergalle
D:13:     layout_cross, serial_shops,
          nicolae_shop_temple_entry_statues_fountains, uniq_rupert
D:14:     layout_roguey [special_room_mythical_zoo],
          hangedman_vaults_entry_quadrant_bands,
          portal_ice_cave_entry_pillars_2, gauntlet_entry_generic, uniq_roxanne
Temple:   regret_index_temple_waves
Lair:1:   layout_hall_layers, nicolae_volcano_entry_two_sided,
          small_statue_intersection, minivault_25, lemuel_fruit_tree
Lair:2:   layout_small_grid, nicolae_swamp_entry_splash_gauntlet,
          nicolae_spider_entry_non_spiders
Lair:3:   layout_roguey, special_room [special_room_bee], zaba_anthell
Lair:4:   layout_cave_pods, kennysheep_basilisk_garden, grunt_megastairs_1
Lair:5:   layout_cave_pods, slime_altar_2, st_stairs_10, serial_bayou_lagoon_b,
          serial_bayou_shore_b
Lair:6:   cheibrodos_lair_end_hotspot, layout_regular_city,
          minmay_shattered_shrine
Spider:1: layout_spider_delve, gammafunk_ghost_tricky_traps
Spider:2: layout_spider_delve
Spider:3: cheibrodos_spider_silkery, nicolae_arachne_temple
Orc:1:    layout_caves, nicolae_orc_stony_grotto
Orc:2:    st_orc_mages, layout_caves
Ossuary:  ossuary_tomb_1
Volcano:  volcano_bunker
Gauntlet: gammafunk_gauntlet_branching [nicolae_gauntlet_arena_x,
          gammafunk_gauntlet_arena_spirals, gammafunk_gauntlet_arena_chambers,
          gammafunk_gauntlet_arena_crates, gammafunk_gauntlet_arena_grid,
          gammafunk_gauntlet_arena_hedges, nicolae_gauntlet_arena_grate_2,
          nicolae_gauntlet_arena_quarters, gauntlet_exit_hidden_loot]

Skill      XL: |  1  2  3  4  5  6  7  8  9 10 11 12 13 14 15 |
---------------+----------------------------------------------+-----
Unarmed Combat | 4 5 6 7 9 10 11 13 14 | 14.1
Fighting       | 3 4 5 6 7 9 10 11 12 | 12.7
Shields        | 1 2 3 5 6 8 10 11 13 14 | 14.8
Invocations    | 5 8 |  8.0
Throwing       | 4 |  4.6
Dodging        | |  2.4
Stealth        | |  1.0

Action                   |  1- 3 |  4- 6 |  7- 9 | 10-12 | 13-15 | 16-18 || total
-------------------------+-------+-------+-------+-------+-------+-------++-------
Melee: Unarmed           |    89 |   210 |   351 |   774 |  1389 |    20 ||  2833
       Punch             |       |     1 |       |       |       |       ||     1
Throw: Javelin           |       |       |       |    66 |    15 |       ||    81
       Large rock        |       |       |       |       |   134 |       ||   134
Invok: Heroism           |       |       |     1 |     6 |    15 |     1 ||    23
       Finesse           |       |       |       |     1 |     6 |       ||     7
Evoke: Wand              |       |       |       |     3 |    13 |       ||    16
  Use: Scroll            |       |       |    24 |     5 |    10 |       ||    39
       Potion            |       |       |     1 |     1 |     5 |     2 ||     9
 Stab: Sleeping          |     4 |     2 |     4 |     2 |     1 |       ||    13
  Eat: Chunk             |    19 |    16 |    31 |    57 |   109 |     2 ||   234
       Ration            |       |       |     1 |     1 |       |       ||     2
Armor: Robe              |    30 |    75 |    68 |    29 |    64 |     8 ||   274
       Troll leather arm |       |       |       |   125 |   250 |       ||   375
Dodge: Dodged            |    28 |   102 |    85 |   185 |   302 |    13 ||   715
       Deflected         |       |       |       |     7 |       |       ||     7
Block: Shield            |       |    46 |   111 |   177 |       |       ||   334
       Large shield      |       |       |       |   370 |  1418 |    24 ||  1812
       Reflection        |       |       |       |     2 |    69 |       ||    71

Table legend:
 A = Non-vault XP
 B = Vault XP
 C = Vault XP percentage of total XP
 D = Non-vault monster count
 E = Vault monster count
 F = Vault count percentage of total count
                 A         B        C        D         E       F
            +---------+---------+-------+---------+---------+-------
      Total |   91560 |   63427 |  40.9 |     572 |     358 |  38.5
            +---------+---------+-------+---------+---------+-------
        D:1 |      51 |       8 |  13.6 |      29 |       4 |  12.1
        D:2 |      65 |      46 |  41.4 |      19 |       2 |   9.5
        D:3 |     234 |     304 |  56.5 |      28 |      20 |  41.7
        D:4 |     262 |       0 |   0.0 |      20 |       0 |   0.0
        D:5 |     258 |       5 |   1.9 |      15 |       1 |   6.2
        D:6 |     607 |     677 |  52.7 |      15 |       3 |  16.7
        D:7 |     782 |     255 |  24.6 |      21 |       1 |   4.5
        D:8 |    1288 |    4484 |  77.7 |      22 |       9 |  29.0
        D:9 |    1721 |       0 |   0.0 |      16 |       0 |   0.0
       D:10 |    1073 |    3572 |  76.9 |      17 |      43 |  71.7
       D:11 |    4393 |       0 |   0.0 |      17 |       0 |   0.0
       D:12 |    8336 |    1307 |  13.6 |      51 |       5 |   8.9
       D:13 |   10246 |    3418 |  25.0 |      48 |       3 |   5.9
       D:14 |    6180 |   11670 |  65.4 |      28 |      38 |  57.6
     Temple |      46 |       0 |   0.0 |       2 |       0 |   0.0
     Lair:1 |    1510 |       0 |   0.0 |       6 |       0 |   0.0
     Lair:2 |    3566 |     917 |  20.5 |      14 |      13 |  48.1
     Lair:3 |    2389 |    6202 |  72.2 |       7 |      67 |  90.5
     Lair:4 |    4269 |    1584 |  27.1 |      15 |       7 |  31.8
     Lair:5 |    6222 |     191 |   3.0 |      32 |       2 |   5.9
     Lair:6 |    9446 |   11766 |  55.5 |      22 |      35 |  61.4
   Spider:1 |   14675 |       0 |   0.0 |      43 |       0 |   0.0
   Spider:2 |    5004 |       0 |   0.0 |      17 |       0 |   0.0
   Spider:3 |    1489 |     512 |  25.6 |       7 |       2 |  22.2
      Orc:1 |    4021 |       0 |   0.0 |      37 |       0 |   0.0
      Orc:2 |    3427 |    5021 |  59.4 |      24 |      41 |  63.1
    Ossuary |       0 |     298 | 100.0 |       0 |      38 | 100.0
    Volcano |       0 |    4951 | 100.0 |       0 |       8 | 100.0
   Gauntlet |       0 |    6239 | 100.0 |       0 |      16 | 100.0
            +---------+---------+-------+---------+---------+-------

Levels and vault maps discovered:
D:1:      dpeg_cavernosity, layout_basic
D:2:      kennysheep_big_flooded_room, layout_basic, bloody_trog,
          gammafunk_temple_overflow_elements, ashenzari_altar_1
D:3:      corexii_shack_village, layout_rooms, fedhas_altar_3, first_ration,
          uniq_jessica, uniq_natasha
D:4:      layout_cave_pools, kennysheep_mini, uniq_eustachio
D:5:      layout_gridville, grunt_ministairs_5
D:6:      minmay_cornered_nines, layout_rooms, lemuel_coloured_pillars_altar,
          chequers_ossuary_entry_cave
D:7:      layout_loops_cross, marbit_many_paths,
          minmay_temple_entry_stoned_glass, serial_shops, shop
D:8:      layout_rooms, lair_entry_dummy, minmay_manual_macuahuitl,
          uniq_maurice, uniq_pikel, uniq_gastronok, uniq_erica
D:9:      lemuel_bear_cage, layout_stronghold
D:10:     layout_rooms, zombieorc2_lemuel, uniq_fannar, uniq_urug, uniq_grum
D:11:     layout_loops_ring, serial_shops, nicolae_shop_crystal
D:12:     layout_roguey, hangedman_pestilent_swarm, uniq_nergalle
D:13:     layout_cross, serial_shops,
          nicolae_shop_temple_entry_statues_fountains, uniq_rupert
D:14:     layout_roguey [special_room_mythical_zoo],
          hangedman_vaults_entry_quadrant_bands,
          portal_ice_cave_entry_pillars_2, gauntlet_entry_generic, uniq_roxanne
Temple:   regret_index_temple_waves
Lair:1:   layout_hall_layers, nicolae_volcano_entry_two_sided,
          small_statue_intersection, minivault_25, lemuel_fruit_tree
Lair:2:   layout_small_grid, nicolae_swamp_entry_splash_gauntlet,
          nicolae_spider_entry_non_spiders
Lair:3:   layout_roguey, special_room [special_room_bee], zaba_anthell
Lair:4:   layout_cave_pods, kennysheep_basilisk_garden, grunt_megastairs_1
Lair:5:   layout_cave_pods, slime_altar_2, st_stairs_10, serial_bayou_lagoon_b,
          serial_bayou_shore_b
Lair:6:   cheibrodos_lair_end_hotspot, layout_regular_city,
          minmay_shattered_shrine
Spider:1: layout_spider_delve, gammafunk_ghost_tricky_traps
Spider:2: layout_spider_delve
Spider:3: cheibrodos_spider_silkery, nicolae_arachne_temple
Orc:1:    layout_caves, nicolae_orc_stony_grotto
Orc:2:    st_orc_mages, layout_caves
Ossuary:  ossuary_tomb_1
Volcano:  volcano_bunker
Gauntlet: gammafunk_gauntlet_branching [nicolae_gauntlet_arena_x,
          gammafunk_gauntlet_arena_spirals, gammafunk_gauntlet_arena_chambers,
          gammafunk_gauntlet_arena_crates, gammafunk_gauntlet_arena_grid,
          gammafunk_gauntlet_arena_hedges, nicolae_gauntlet_arena_grate_2,
          nicolae_gauntlet_arena_quarters, gauntlet_exit_hidden_loot]

Table legend:
 A = Turns spent in this place as a percentage of turns spent in the entire game.
 B = Non-inter-level travel turns spent in this place as a percentage of non-inter-level travel turns spent in the entire game.
 C = Inter-level travel turns spent in this place as a percentage of turns spent in this place.
 D = Turns resting spent in this place as a percentage of non-inter-level travel turns spent in this place.
 E = Turns spent auto-exploring this place as a percentage of non-inter-level travel turns spent in this place.
 F = Non-inter-level travel turns spent in this place divided by the number of levels of this place that you've seen.
                   A       B       C       D       E      F
               +-------+-------+-------+-------+-------+----------------------
         Total | 100.0 | 100.0 |   4.9 |  13.5 |  57.6 | 798.9
       Dungeon |  51.6 |  51.0 |   6.0 |  15.2 |  57.7 | 844.0
        Temple |   0.3 |   0.2 |  36.0 |   0.0 |  77.1 |  48.0
          Lair |  29.3 |  29.9 |   3.3 |  10.3 |  66.5 | 1152.8
   Spider Nest |   5.7 |   5.7 |   4.0 |  31.6 |  23.5 | 441.7
  Orcish Mines |   8.6 |   8.4 |   6.6 |   6.3 |  65.4 | 976.0
       Ossuary |   1.2 |   1.3 |   0.0 |  19.4 |  28.8 | 299.0
       Volcano |   0.9 |   1.0 |   0.0 |  10.8 |  15.2 | 223.0
      Gauntlet |   2.4 |   2.5 |   0.0 |   0.0 |  32.3 | 589.0
               +-------+-------+-------+-------+-------+----------------------

Table legend:
 A = Kills in this place as a percentage of kills in entire the game.
 B = Kills by you in this place as a percentage of kills by you in the entire game.
 C = Kills by friends in this place as a percentage of kills by friends in the entire game.
 D = Other kills in this place as a percentage of other kills in the entire game.
 E = Experience gained in this place as a percentage of experience gained in the entire game.
 F = Experience gained in this place divided by the number of levels of this place that you have seen.
                   A       B       C       D       E      F
               +-------+-------+-------+-------+-------+----------------------
         Total | 100.0 | 100.0 |   N/A | 100.0 | 100.0 | 5344.4
       Dungeon |  51.1 |  50.9 |   N/A | 100.0 |  39.5 | 4374.4
        Temple |   0.2 |   0.2 |   N/A |   0.0 |   0.0 |  46.0
          Lair |  23.7 |  23.8 |   N/A |   0.0 |  31.0 | 8010.3
   Spider Nest |   7.4 |   7.5 |   N/A |   0.0 |  14.0 | 7226.7
  Orcish Mines |  11.0 |  11.0 |   N/A |   0.0 |   8.0 | 6234.5
       Ossuary |   4.1 |   4.1 |   N/A |   0.0 |   0.2 | 298.0
       Volcano |   0.9 |   0.9 |   N/A |   0.0 |   3.2 | 4951.0
      Gauntlet |   1.7 |   1.7 |   N/A |   0.0 |   4.0 | 6239.0
               +-------+-------+-------+-------+-------+----------------------
